 Dungeon Crawl Stone Soup version 0.30-a0-738-g116ff8c4af (webtiles) character file.

Game seed: 1577940851342616521

2471 ryw the Cleaver (level 9, -4/61 (79) HPs)
             Began as a Hill Orc Berserker on Feb 3, 2023.
             Was a Follower of Trog.
             Slain by a wight
             ... wielding a +1 spear of freezing
              (6 damage)
             ... on level 6 of the Dungeon.
             The game lasted 00:11:22 (7324 turns).

ryw the Cleaver (Hill Orc Berserker)                Turns: 7324, Time: 00:11:23

HP:   -4/61 (79)    AC:  9    Str: 24    XL:     9   Next: 51%
MP:   9/9           EV: 13    Int:  7    God:    Trog [*.....]
Gold: 362           SH:  0    Dex: 10    Spells: 8/8 levels left

rFire   . . .      SeeInvis .    a - +1 hand axe (elec)
rCold   . . .      Faith    .    (no shield)
rNeg    . . .      Spirit   .    s - +3 leather armour {Will+}
rPois   .          Reflect  .    (no helmet)
rElec   .          Harm     .    (no cloak)
rCorr   .          Rampage  .    g - +1 pair of gloves
Will    +....                    (no boots)
Stlth   +                        (no amulet)
HPRegen 0.30/turn                (no ring)
MPRegen 0.11/turn                (no ring)

@: on berserk cooldown, slowed, heavily drained, very slow
A: no striking features
a: Renounce Religion, Berserk


You were on level 6 of the Dungeon.
You worshipped Trog.
Trog was aware of your devotion.
You visited 1 branch of the dungeon, and saw 8 of its levels.

You collected 362 gold pieces.

Inventory:

Hand Weapons
 a - a +1 hand axe of electrocution (weapon)
Missiles
 l - 2 throwing nets (quivered)
 o - 2 boomerangs
 q - 2 javelins
Armour
 c - a +1 ring mail of cold resistance
 g - a +1 pair of gloves (worn)
 s - a +3 leather armour of willpower (worn)
Wands
 w - a wand of roots (6)
Scrolls
 h - a scroll of blinking
 i - 2 scrolls of fog
 r - 2 scrolls of brand weapon
 u - a scroll of fear
 x - a scroll of identify
Potions
 b - 2 potions of cancellation
 d - 2 potions of lignification {unknown}
 e - 2 potions of haste {unknown}
 f - a potion of brilliance {unknown}
 j - a potion of flight {unknown}
 k - a potion of berserk rage {unknown}
 m - a potion of magic {unknown}
 n - a potion of curing {unknown}
 p - a potion of attraction {unknown}
 v - 2 potions of might {unknown}


   Skills:
 + Level 7.6 Fighting
 * Level 11.1 Axes
 + Level 6.4 Armour
 + Level 4.9 Dodging


You had 8 spell levels left.
You didn't know any spells.
Your spell library was empty.

Dungeon Overview and Level Annotations

Branches:
Dungeon (8/15)             Temple (0/1) D:6
   Lair: D:8-11

Altars:
Dithmenos
Vehumet
Zin

Annotations:
D:8 Pikel


Message History

Trog accepts your kill.
You hit the phantom.
The phantom is lightly damaged.
The wight hits you from afar with a +1 spear of freezing.
* * * LOW HITPOINT WARNING * * *
The wight freezes you.
* * * LOW HITPOINT WARNING * * *
You slash the phantom!
The phantom is heavily damaged.
The phantom misses you.
You barely miss the phantom.
The phantom is heavily damaged.
The wight hits you but does no damage.
You feel a strong urge to attack something.
You feel your anger nearly subside.
You are no longer berserk.
You are exhausted.
You feel yourself slow down.
You feel the effects of Trog's Hand fading.
The phantom attacks as you move away! The phantom barely misses you.
The phantom hits you.
* * * LOW HITPOINT WARNING * * *
The phantom blinks!
You blink.
The phantom attacks as you move away! The phantom closely misses you.
You hit the phantom but do no damage. Lightning courses through the phantom!
The phantom is almost destroyed.
Your skin stops crawling.
You feel less strong-willed. The phantom hits you.
* * * LOW HITPOINT WARNING * * *
The phantom barely misses you.
You hit the phantom but do no damage.
The phantom is almost destroyed.
The wight hits you from afar with a +1 spear of freezing.
* * * LOW HITPOINT WARNING * * *
The wight freezes you.
* * * LOW HITPOINT WARNING * * *
The phantom hits you.
* * * LOW HITPOINT WARNING * * *
The phantom blinks!
The wight hits you from afar with a +1 spear of freezing.
You die...

....###.......# #......# ......
........#...#.# #...##.# .#...#.
<..#..###...#.###...##.## ......
.#.#........#.......##..# #....
##.##.[.#########.#####.#####..#.
...#...............)....z..zzz...
.......#.##############.######...
.#...#...# #########.#######..
.#.##....# #.@.zzWz...........
.......#.# #.##########.######
...###.#.######.# #.## ###
####.#..........# #..###..
####.###......>.# ########..##.#
....<# #........####.............
########)).........#......##..⌠8.
...............###.#......#......
#######........# #.#........>.⌠8.


You could see a phantom and 3 wights.

Vanquished Creatures
  Sigmund (D:4)
  Eustachio (D:4)
  Duvessa (D:3)
  A black bear (D:8)
  2 ice beasts (D:5)
  An ogre (D:4)
  A lemure (D:8)
  4 phantoms
  A gnoll sergeant (D:5)
  2 scorpions
  A necrophage (D:4)
  9 wights
  Dowan (D:3)
  2 orc priests (D:4)
  A gnoll bouda (D:3)
  A hound (D:5)
  3 jellies
  4 iguanas
  3 orc wizards (D:4)
  12 gnolls
  8 adders
  A worm (D:5)
  2 dart slugs (D:4)
  14 orcs
  7 endoplasms
  5 giant cockroaches
  7 goblins
  7 hobgoblins
  2 jackals (D:2)
  11 kobolds
  A quokka (D:3)
  8 ball pythons
  5 bats
  2 frilled lizards
  4 rats
136 creatures vanquished.

Vanquished Creatures (others)
  22 plants (D:3)
22 creatures vanquished.

Grand Total: 158 creatures vanquished

Notes
Turn   | Place    | Note
-------+----------+-------------------------------------------
     0 | D:1      | ryw the Hill Orc Berserker began the quest for the Orb.
     0 | D:1      | Reached XP level 1. HP: 19/19 MP: 1/1
   224 | D:1      | Reached XP level 2. HP: 27/27 MP: 2/2
   687 | D:2      | Reached ** piety under Trog
   713 | D:2      | Reached XP level 3. HP: 28/33 MP: 3/3
  1114 | D:2      | Reached skill level 5 in Axes
  1622 | D:2      | Reached XP level 4. HP: 22/40 MP: 4/4
  2168 | D:3      | Reached XP level 5. HP: 47/47 MP: 5/5
  2176 | D:3      | Found a glowing silver altar of Zin.
  2353 | D:3      | Reached skill level 6 in Axes
  2539 | D:3      | Found a faded altar of an unknown god.
  2646 | D:4      | Noticed a phantom
  2655 | D:4      | Killed a phantom
  2656 | D:4      | Reached XP level 6. HP: 55/55 MP: 6/6
  2788 | D:4      | Reached skill level 5 in Fighting
  2802 | D:4      | Noticed Sigmund
  3000 | D:4      | Killed Sigmund
  3001 | D:4      | Reached skill level 7 in Axes
  3001 | D:4      | Reached XP level 7. HP: 19/61 MP: 7/7
  3684 | D:4      | Noticed Dowan
  3686 | D:4      | Noticed Duvessa
  3687 | D:4      | Noticed Eustachio
  3767 | D:3      | Killed Duvessa
  3772 | D:3      | Killed Dowan
  3773 | D:3      | Reached skill level 8 in Axes
  3885 | D:4      | Killed Eustachio
  3886 | D:4      | Reached XP level 8. HP: 70/70 MP: 8/8
  4027 | D:5      | Entered Level 5 of the Dungeon
  4027 | D:5      | Found a shadowy altar of Dithmenos.
  4255 | D:4      | Reached skill level 5 in Armour
  4636 | D:5      | Reached skill level 9 in Axes
  4947 | D:5      | Found a radiant altar of Vehumet.
  5441 | D:5      | Reached skill level 10 in Axes
  5443 | D:5      | Reached XP level 9. HP: 78/78 MP: 9/9
  6073 | D:6      | Found a staircase to the Ecumenical Temple.
  6357 | D:6      | You fall into a shaft and drop 2 floors!
  6451 | D:8      | Noticed Pikel
  6857 | D:6      | Reached skill level 11 in Axes
  7323 | D:6      | HP: 2/61 [phantom (5)]
  7324 | D:6      | Slain by a wight

Illustrated notes

Levels and vault maps discovered:
D:1:      dpeg_arrival_shelter, layout_loops_ring
D:2:      layout_basic, minivault_5, lightli_corner_chamber
D:3:      layout_loops_cross, mainiacjoe_overflow_concentric_impassable,
          hellmonk_ecumenical_altar_inner_sanctum, st_stairs_12,
          grunt_ministairs_7, nicolae_grassy_gnolls
D:4:      layout_basic, chequers_serial_rivers_small_b, uniq_sigmund,
          uniq_eustachio, uniq_duvessa
D:5:      layout_rooms, overflow_temple_1_default, fiery_altar_vehumet
D:6:      layout_basic, minmay_temple_entry_drinking_statues,
          chequers_serial_rivers_micro_c
D:7:      layout_loops_corners, lemuel_coloured_pillars_altar,
          mainiacjoe_overflow_big_doors
D:8:      layout_loops_ring, mainiacjoe_overflow_small_starburst, serial_shops,
          nicolae_shop_behind_doors, uniq_pikel, uniq_maurice

Skill      XL: |  1  2  3  4  5  6  7  8  9 |
---------------+----------------------------+-----
Fighting       | 4 5 6 7 |  7.6
Dodging        | 2 3 4 |  4.9
Axes           | 5 6 7 8 10 11 | 11.1
Armour         | 3 4 5 6 |  6.4

Action                     |  1- 3 |  4- 6 |  7- 9 || total
---------------------------+-------+-------+-------++-------
  Melee: Hand axe          |    90 |   174 |   364 ||   628
         Punch             |     1 |     2 |     6 ||     9
  Throw: Throwing net      |       |       |     1 ||     1
 Invoke: Trog's Hand       |     1 |     3 |    12 ||    16
         Berserk           |     1 |     3 |     8 ||    12
    Use: Scroll            |     1 |     4 |     8 ||    13
 Armour: Ring mail         |    33 |    55 |   103 ||   191
         Leather armour    |       |       |    75 ||    75
  Dodge: Dodged            |    45 |   103 |   236 ||   384

Table legend: (Time is in decaauts)
 A = Elapsed time spent in this place.
 B = Non-inter-level travel time spent in this place.
 C = Inter-level travel time spent in this place.
 D = Time resting spent in this place.
 E = Time spent auto-exploring this place.
 F = Levels seen in this place.
 G = Mean time per level.
                   A        B        C        D        E       F      G
               +--------+--------+--------+--------+--------+-----+--------+
         Total |   7380 |   7282 |     98 |   1931 |   3838 |   8 |  922.5 |
       Dungeon |   7380 |   7282 |     98 |   1931 |   3838 |   8 |  922.5 |
               +--------+--------+--------+--------+--------+-----+--------+

Top non-repeatable levels by time:
     D:4: 1838 daAuts
     D:5: 1194 daAuts
     D:3: 1180 daAuts
     D:6: 1163 daAuts
     D:2: 1151 daAuts
     D:1: 640 daAuts
     D:8: 204 daAuts
     D:7: 6 daAuts
